 Dungeon Crawl Stone Soup version 0.31-a0-1308-ga3cce3a448 (webtiles) character file.

Game seed: 8929797600336559949

761 Jeffwins the Digger (level 7, -6/40 HPs)
             Began as a Gargoyle Earth Elementalist on Dec 20, 2023.
             Was a Follower of Vehumet.
             Mangled by a boulder beetle (12 damage)
             ... on level 7 of the Dungeon.
             The game lasted 00:07:33 (4492 turns).

Jeffwins the Digger (Gargoyle Earth Elementalist)   Turns: 4492, Time: 00:07:34

Health: -6/40      AC:  7    Str: 21    XL:     7   Next: 80%
Magic:  10/12      EV: 12    Int: 18    God:    Vehumet [*.....]
Gold:   288        SH:  0    Dex: 10    Spells: 8/13 levels left

rFire   + . .        a - +9 dagger "Gucavoss" {freeze, Str+4}
rCold   . . .        (no shield)
rNeg    + . .        G - +0 robe
rPois   ∞            (no helmet)
rElec   +            o - +0 cloak
rCorr   .            (no gloves)
SInv    .            (no boots)
Will    .....        (no amulet)
Stlth   ++           F - ring of protection from fire
HPRegen 0.26/turn    S - +6 ring of strength
MPRegen 0.13/turn

%: no passive effects
@: no status effects
A: sickness immunity, AC +4, negative energy resistance 1, electricity
resistance, torment resistance 1, petrification resistance
a: Renounce Religion


You were on level 7 of the Dungeon.
You worshipped Vehumet.
Vehumet was aware of your devotion.
You visited 2 branches of the dungeon, and saw 8 of its levels.
You also visited: Sewer.

You collected 288 gold pieces.


Innate Abilities, Weirdness & Mutations

You are immune to sickness and miasma.
Your stone body is resilient. (AC +4)
You are immune to poison.
You resist negative energy. (rN+)
You are resistant to electric shocks. (rElec)
You are resistant to unholy torment.
You are immune to petrification.


   Skills:
 + Level 2.4 Fighting
 - Level 2.0 Dodging
 + Level 3.5 Stealth
 * Level 3.9 Spellcasting
 * Level 2.8 Conjurations
 - Level 0.7 Transmutations
 * Level 2.1 Fire Magic
 * Level 2.9 Ice Magic
 * Level 5.8 Earth Magic
 + Level 0.9 Evocations


You had 8 spell levels left.
You knew the following spells:

 Your Spells              Type           Power      Damage    Failure   Level
x - Stone Arrow           Conj/Erth      38%        3d9       8%          3
z - Foxfire               Conj/Fire      48%        2x1d6     5%          1
X - Sandblast             Erth           48%        2d12      1%          1

Your spell library contained the following spells:

 Spells                   Type           Power      Damage    Failure   Level
 Passwall                 Tmut/Erth      12%        N/A       6%          2
 Ozocubu's Armour         Ice            14%        N/A       13%         3
 Summon Small Mammal      Summ           12%        N/A       16%         1
 Dazzling Flash           Conj/Hex       16%        N/A       26%         3
 Brom's Barrelling Bould  Conj/Erth      19%        2d4       26%         4
 Petrify                  Tmut/Erth      15%        N/A       36%         4
 Call Canine Familiar     Summ           3%         N/A       41%         3
 Summon Guardian Golem    Hex/Summ       3%         N/A       41%         3
 Agony                    Necr           3%         N/A       99%         5
 Silence                  Hex/Air        1%         N/A       99%         5
 Ozocubu's Refrigeration  Ice            7%         4d9       100%        7

Inventory:

Hand Weapons
 a - the +9 dagger "Gucavoss" (weapon) {freeze, Str+4}
   (You found it on level 5 of the Dungeon)

   Str+4:     It affects your strength (+4).
 e - a +0 spear
 m - a +1 short sword of draining
 E - a +2 flail of protection
Missiles
 i - 5 datura-tipped darts
 n - 2 poisoned darts (quivered)
 q - 5 darts of dispersal {=f}
Armour
 o - a +0 cloak (worn)
 r - a +1 ring mail of fire resistance
 G - a +0 robe (worn)
Jewellery
 F - a ring of protection from fire (left hand)
 R - a ring of resist corrosion
 S - a +6 ring of strength (right hand)
 X - a +6 ring of dexterity
Wands
 B - a wand of paralysis (1)
 D - a wand of mindburst (15)
 H - a wand of polymorph (11)
Scrolls
 c - 7 scrolls of teleportation {unknown}
 h - 6 scrolls of fear
 j - 3 scrolls of poison
 k - 2 scrolls of enchant armour
 l - a scroll of torment {!r}
 x - a scroll of amnesia
 y - a scroll of silence {!r}
 z - a scroll of fog
Potions
 b - a potion of magic
 d - a potion of degeneration {unknown}
 f - 2 potions of might {unknown}
 g - 2 potions of berserk rage {unknown}
 p - a potion of curing {unknown}
 s - a potion of experience {unknown}
 t - 2 potions of mutation {unknown}
 u - a potion of haste {unknown}
 v - a potion of attraction {unknown}
 w - 3 potions of invisibility {unknown}
 A - 3 potions of enlightenment
 C - a potion of cancellation {unknown}

Dungeon Overview and Level Annotations

Branches:
Dungeon (8/15)             Temple (1/1) D:4           Sewer (visited)
   Lair: D:8-11

Altars:
Cheibriados
Dithmenos
Elyvilon
Fedhas
Kikubaaqudgha
Makhleb
Okawaru
Sif Muna
Uskayaw
Vehumet
Wu Jian
Yredelemnul
The Shining One

Annotations:
D:7 2 transporters, Maggie; variable76's ghost, amateur MiFi

..............#.#..#
###..##....# #.#.#..#
...........# #.#.#..# #
####.......###.#.#..#.#.#
#................#.......
...#.........#.#...†..#
####.....#.#.#.#.######
#.....#.....#.######.#
#.....#.#.#.#@B...(((#
#..#.####.#.........(.
#..... .S#.#####.....
#.##.######.# .... # ..(
#


You could see a boulder beetle (very poisoned).


Message History

Throw: 4 darts (poison)
Press: ? - help, Q - select action, (/) - cycle Shift-Dir - straight line, f/p - boulder beetle
Aim: a boulder beetle (lightly wounded, rolling, very poisoned, 88% to hit)
You throw a poisoned dart.
The poisoned dart completely misses the boulder beetle.
Unknown command.
Throw: 3 darts (poison)
Press: ? - help, Q - select action, (/) - cycle Shift-Dir - straight line, f/p - boulder beetle
Aim: a boulder beetle (lightly wounded, rolling, very poisoned, 88% to hit)
You throw a poisoned dart.
The poisoned dart hits the boulder beetle.
The boulder beetle looks even sicker.
The boulder beetle is lightly wounded.
The boulder beetle hits you!!
Ouch! That really hurt!
* * * LOW HITPOINT WARNING * * *
The boulder beetle stops rolling and uncurls.
You hear an angry hiss.
Aiming: Paralyse
Press: ? - help, Shift-Dir - straight line, f/p - boulder beetle
Aim: a boulder beetle (moderately wounded, very poisoned, chance to affect: 33%)
The boulder beetle easily resists.
The boulder beetle completely misses you.
Unknown command.
Unknown command.
Aiming: Paralyse
Press: ? - help, Shift-Dir - straight line, f/p - boulder beetle
Aim: a boulder beetle (moderately wounded, very poisoned, chance to affect: 33%)
The boulder beetle easily resists.
The boulder beetle bites you!
You die...

Skill      XL: |  1  2  3  4  5  6  7 |
---------------+----------------------+-----
Earth Magic    | 4 5 |  5.8
Fighting       | 1 2 |  2.4
Dodging        | 2 |  2.0
Spellcasting   | 3 |  3.9
Ice Magic      | 1 2 |  2.9
Stealth        | 3 |  3.5
Conjurations   | 1 2 |  2.8
Fire Magic     | 1 2 |  2.1
Transmutations | |  0.7
Evocations     | |  0.9

Action                     |  1- 3 |  4- 6 |  7- 9 || total
---------------------------+-------+-------+-------++-------
  Melee: Short sword       |    36 |   172 |    20 ||   228
         Punch             |     1 |       |       ||     1
         Dagger            |       |       |     5 ||     5
  Throw: Dart              |       |       |    12 ||    12
   Cast: Sandblast         |    23 |    40 |       ||    63
         Foxfire           |       |    18 |       ||    18
         Stone Arrow       |       |       |     9 ||     9
  Evoke: Wand              |       |       |     6 ||     6
    Use: Scroll            |       |     7 |       ||     7
   Stab: Sleeping          |     3 |     6 |     1 ||    10
         Paralysed         |       |       |     9 ||     9
 Armour: Robe              |    19 |   117 |    12 ||   148
  Dodge: Dodged            |    21 |   153 |    15 ||   189

Levels and vault maps discovered:
D:1:      dpeg_arrival_signposts, layout_rooms, serial_bayou_pond_d,
          chequers_arboretum
D:2:      layout_rooms
D:3:      layout_loops_cross, nicolae_wu_jian_wuxing_cycle,
          nicolae_dithmenos_through_a_glass_darkly, okawaru_altar_gauntlet_db
D:4:      layout_loops_ring, temple_statues, portal_sewer_entry_e,
          reono_crystal_passage, serial_library_hellmonk_big_corner
D:5:      layout_rooms, mainiacjoe_overflow_concentric_impassable,
          kennysheep_small_circle, uniq_edmund
D:7:      layout_basic, old_standard_altar, trog_ov_bears_minmay,
          gammafunk_ghost_wrathful_warriors, uniq_menkaure, uniq_maggie
D:8:      layout_basic, nicolae_ru_sacrificial_ziggurat, special_room
          [special_room_orc]
Temple:   nicolae_temple_bog_church

Notes
Turn   | Place    | Note
-------+----------+-------------------------------------------
     0 | D:1      | Jeffwins the Gargoyle Earth Elementalist began the quest
                  | for the Orb.
     0 | D:1      | Reached XP level 1. HP: 10/10 MP: 3/3
    71 | D:1      | Reached XP level 2. HP: 5/16 MP: 0/5
   324 | D:1      | Reached skill level 4 in Earth Magic
   504 | D:1      | Reached XP level 3. HP: 20/20 MP: 4/6
   884 | D:2      | Reached skill level 1 in Fighting
  1301 | D:3      | Found a shadowy altar of Dithmenos.
  1323 | D:3      | Found an ornate altar of the Wu Jian Council.
  1423 | D:3      | Reached XP level 4. HP: 20/25 MP: 0/8
  1426 | D:3      | Found an iron altar of Okawaru.
  1981 | D:4      | Found a staircase to the Ecumenical Temple.
  1992 | Temple   | Entered the Ecumenical Temple
  2014 | Temple   | Became a worshipper of Vehumet
  2320 | D:4      | Reached skill level 2 in Dodging
  2320 | D:4      | Reached skill level 3 in Spellcasting
  2356 | D:4      | Reached skill level 1 in Ice Magic
  2358 | D:4      | Reached XP level 5. HP: 28/29 MP: 4/9
  2368 | D:4      | Found a glowing drain.
  2376 | Sewer    | Entered a sewer
  2392 | Sewer    | Learned a level 3 spell: Stone Arrow
  2792 | Sewer    | Reached skill level 3 in Stealth
  2792 | Sewer    | Reached skill level 1 in Conjurations
  2906 | Sewer    | Reached * piety under Vehumet
  2906 | Sewer    | Offered knowledge of Foxfire by Vehumet.
  3175 | D:4      | Learned a level 1 spell: Foxfire
  3232 | D:4      | Reached skill level 5 in Earth Magic
  3351 | D:4      | Reached XP level 6. HP: 33/35 MP: 10/10
  3605 | D:5      | Entered Level 5 of the Dungeon
  3669 | D:4      | Reached skill level 2 in Ice Magic
  3741 | D:5      | Reached skill level 2 in Fighting
  3741 | D:5      | Reached skill level 1 in Fire Magic
  3905 | D:5      | Found a white marble altar of Elyvilon.
  3917 | D:5      | Reached skill level 2 in Conjurations
  3962 | D:5      | Reached XP level 7. HP: 37/40 MP: 1/12
  4056 | D:5      | Noticed Edmund
  4077 | D:5      | Killed Edmund
  4165 | D:5      | Identified the +9 dagger "Gucavoss" {freeze, Str+4}
  4278 | D:5      | Reached skill level 2 in Fire Magic
  4353 | D:5      | You fall into a shaft and drop 3 floors!
  4367 | D:7      | Found a transporter.
  4367 | D:7      | Noticed a moth of wrath
  4387 | D:7      | Noticed Maggie
  4388 | D:7      | Noticed a troll
  4390 | D:7      | Noticed variable76's ghost (amateur MiFi)
  4396 | D:7      | Found a transporter.
  4477 | D:7      | Noticed a boulder beetle
  4492 | D:7      | Mangled by a boulder beetle

Vanquished Creatures
  Edmund (D:5)
  An ogre (D:5)
  2 bullfrogs
  A jelly (D:5)
  An orc priest (D:5)
  2 iguanas (D:5)
  2 orc wizards (D:5)
  5 gnolls
  8 adders
  4 river rats (Sewer)
  A shadow imp (D:4)
  3 worms
  4 dart slugs
  7 orcs
  16 ball pythons
  3 endoplasms
  6 giant cockroaches
  4 goblins
  6 hobgoblins
  10 jackals
  3 quokkas
  8 bats
  2 frilled lizards
  8 kobolds
  9 rats
117 creatures vanquished.

Vanquished Creatures (others)
  34 foxfires (D:5)
34 creatures vanquished.

Grand Total: 151 creatures vanquished

Table legend: (Time is in decaauts)
 A = Elapsed time spent in this place.
 B = Non-inter-level travel time spent in this place.
 C = Inter-level travel time spent in this place.
 D = Time resting spent in this place.
 E = Time spent auto-exploring this place.
 F = Levels seen in this place.
 G = Mean time per level.
                   A        B        C        D        E       F      G
               +--------+--------+--------+--------+--------+-----+--------+
         Total |   4702 |   4527 |    175 |    135 |   3415 |   9 |  522.4 |
       Dungeon |   3682 |   3527 |    155 |    135 |   2617 |   7 |  526.0 |
        Temple |     35 |     15 |     20 |      0 |     12 |   1 |   35.0 |
         Sewer |    985 |    985 |      0 |      0 |    786 |   1 |  985.0 |
               +--------+--------+--------+--------+--------+-----+--------+

Top non-repeatable levels by time:
   Sewer: 985 daAuts
     D:4: 895 daAuts
     D:1: 819 daAuts
     D:5: 681 daAuts
     D:3: 669 daAuts
     D:2: 478 daAuts
     D:7: 126 daAuts
  Temple: 35 daAuts
     D:8: 11 daAuts

Table legend:
 A = Non-vault XP
 B = Vault XP
 C = Vault XP percentage of total XP
 D = Non-vault monster count
 E = Vault monster count
 F = Vault count percentage of total count
                 A         B        C        D         E       F
            +---------+---------+-------+---------+---------+-------
      Total |     665 |     423 |  38.9 |      70 |      47 |  40.2
            +---------+---------+-------+---------+---------+-------
        D:1 |      38 |       0 |   0.0 |      12 |       0 |   0.0
        D:2 |      34 |       0 |   0.0 |      18 |       0 |   0.0
        D:3 |      15 |      25 |  62.5 |       9 |       6 |  40.0
        D:4 |     173 |      12 |   6.5 |      17 |       8 |  32.0
        D:5 |     273 |     241 |  46.9 |      10 |       3 |  23.1
        D:7 |     132 |       0 |   0.0 |       4 |       0 |   0.0
      Sewer |       0 |     145 | 100.0 |       0 |      30 | 100.0
            +---------+---------+-------+---------+---------+-------
